Map: Terraform LE (Void)

Players

IIIIIIIIIIII - Winner!

  • Race: Zerg Zerg
  • League: Master

Mowgli

  • Race: Zerg Zerg
  • League: Grandmaster

Event: Lycan League Weekly August #1

VOD

Have the link to the VOD?

Description

Time

  • Played on: Aug. 3, 2015, 12:17 p.m.
  • Length: 9:31

All games in this series

Show
View Real Time Build Order
Export as new Build Order

IIIIIIIIIIII Zerg - Winner!

Build Orders: Pool First, Zergling Baneling 

Get SALT Encoding   

  12  0:01  Drone  
  13  0:09  Drone  
  14  0:14  Extractor  
  13  0:29  Spawning Pool  
  13  0:32  Drone  
  13  0:40  Drone  
  14  0:50  Overlord  
  14  0:55  Drone, Extractor  
  15  1:15  Queen  
  15  1:17  Metabolic Boost  
  17  1:21  Zergling x2  
  17  1:25  Zergling x2  
  19  1:29  Zergling x2  
  20  1:41  Baneling Nest  
  20  1:46  Overlord  
  19  1:59  Zergling x4  
  21  2:07  Zergling x2  
  22  2:26  Baneling  
  22  2:27  Baneling  
  22  2:31  Drone x3  
  22  2:32  Drone x2  
  27  2:48  Drone  
  28  2:58  Hatchery  
  28  3:01  Zergling x2  
  28  3:07  Overlord  
  28  3:17  Drone x2  
  28  3:30  Baneling  
  28  3:31  Baneling  
  28  3:34  Drone x3  
  30  3:35  Zergling x4  
  33  3:43  Queen  
  35  3:51  Overlord  
  35  4:05  Drone x2  
  35  4:06  Drone  
  37  4:10  Drone x2  
  37  4:16  Zergling x2  
  37  4:17  Zergling x4  
  40  4:19  Baneling x3  
  40  4:32  Baneling x4  
  40  4:38  Overlord  
  40  4:45  Drone x4  
  43  4:46  Drone  
  45  4:54  Overlord  
  45  4:55  Queen  
  45  4:58  Drone x3  
  46  5:27  Drone x6  
  46  5:28  Drone x3, Roach Warren  
  54  5:29  Evolution Chamber  
  54  5:30  Lair, Extractor  
  54  5:31  Extractor  
  51  5:41  Zergling x6  
  54  5:50  Spine Crawler  
  54  5:51  Overlord  
  52  6:10  Roach  
  52  6:11  Roach x9  
  72  6:19  Roach x2  
  73  6:27  Queen  
  73  6:30  Roach  
  74  6:35  Zerg Missile Weapons Level 1  
  74  6:36  Glial Reconstitution  
  70  6:43  Drone x4  
  74  6:49  Overlord  
  75  6:54  Drone  
  75  7:02  Overlord  
  75  7:09  Roach  
  75  7:10  Roach x3  
  75  7:11  Hatchery  
  75  7:32  Drone x5  
  75  7:35  Extractor  
  79  7:37  Overlord  
  79  7:38  Overlord  
  79  7:43  Ravager x2  
  81  7:45  Ravager x4  
  81  7:47  Roach  
  87  7:52  Roach  
  87  7:55  Overlord  
  87  7:57  Drone x2  
  87  7:58  Drone  
  92  8:05  Overlord  
  92  8:06  Drone x2  
  92  8:07  Drone x3  
  97  8:20  Roach x5  
  107  8:36  Roach  
  107  8:37  Roach x7  
  120  8:48  Roach  
  122  8:57  Overlord x3  
  122  8:59  Hatchery  
  122  9:02  Overlord  
  121  9:09  Roach  
Show
View Real Time Build Order
Export as new Build Order

Mowgli Zerg 

Build Orders: Pool First 

Get SALT Encoding   

  12  0:00  Drone  
  13  0:12  Overlord  
  13  0:18  Drone  
  14  0:30  Drone  
  14  0:31  Drone  
  14  0:34  Drone  
  17  0:45  Spawning Pool  
  17  0:48  Extractor  
  15  0:53  Drone  
  16  0:57  Drone  
  17  1:08  Overlord  
  17  1:17  Drone  
  18  1:30  Drone  
  18  1:32  Queen  
  19  1:37  Baneling Nest  
  19  1:39  Zergling x2  
  21  1:49  Zergling x2  
  22  2:00  Zergling x2  
  23  2:06  Metabolic Boost  
  23  2:12  Zergling x2  
  24  2:25  Zergling x2  
  25  2:32  Zergling x2  
  26  2:40  Overlord  
  26  2:41  Zergling x4  
  26  2:42  Zergling x2  
  29  2:46  Zergling x2  
  30  2:52  Baneling x2  
  30  2:58  Queen  
  30  3:00  Zergling x2  
  30  3:04  Hatchery  
  32  3:08  Zergling x2  
  27  3:28  Zergling x4  
  27  3:29  Zergling x4  
  31  3:36  Zergling x2  
  32  3:51  Zergling x2  
  33  4:00  Drone  
  34  4:08  Overlord  
  34  4:11  Drone x3  
  37  4:31  Drone x4  
  37  4:37  Drone  
  41  4:39  Drone  
  41  4:41  Lair, Roach Warren  
  41  4:42  Drone x3  
  44  4:47  Drone  
  44  4:52  Drone  
  45  4:53  Drone  
  46  5:01  Spine Crawler  
  46  5:06  Baneling x2  
  34  5:25  Roach  
  34  5:26  Roach x7  
  50  5:29  Overlord  
  50  5:34  Overlord  
  50  5:39  Glial Reconstitution  
  50  5:49  Roach x3  
  55  5:59  Drone x2  
  55  6:00  Evolution Chamber, Drone  
  57  6:04  Drone  
  57  6:05  Drone  
  57  6:10  Drone x2  
  61  6:17  Drone x3  
  64  6:19  Drone  
  63  6:28  Roach  
  63  6:29  Roach  
  63  6:30  Overlord  
  65  6:34  Zerg Missile Weapons Level 1  
  65  6:38  Extractor  
  65  6:39  Extractor  
  61  6:45  Roach  
  55  6:52  Spine Crawler, Roach  
  55  6:53  Spine Crawler  
  55  6:57  Zergling x8  
  57  7:12  Drone x2  
  57  7:13  Drone x5  
  64  7:15  Baneling  
  64  7:20  Roach  
  66  7:27  Roach x3  
  70  7:34  Overlord, Extractor  
  69  7:37  Roach  
  69  7:39  Roach  
  75  7:44  Roach  
  75  7:52  Overlord x2  
  75  7:58  Roach  
  75  7:59  Roach x2  
  75  8:02  Roach  
  83  8:13  Roach x3  
  83  8:17  Roach  
  91  8:22  Overlord  
  91  8:23  Overlord  
  67  8:42  Roach x2  
  67  8:43  Roach x4  
  67  8:47  Roach  
  73  8:50  Roach  
  75  8:58  Drone  
  75  8:59  Roach x3  
  82  9:06  Roach x2  
  86  9:10  Roach  

Tags
 
Add a new tag
Caveats
  • Supply blocks, unpowered buildings, or Contaminate may cause inaccurate times.
  • Supply counts are checked every 10 seconds.